Map: 零纪元-天梯版

Players

Kelazhur

  • Race: Terran Terran

SortOf - Winner!

  • Race: Zerg Zerg

Event: WESG 2018 Grand Finals

VOD

Have the link to the VOD?

Description

Time

  • Played on: March 12, 2019, 7:39 a.m.
  • Length: 27:48

All games in this series

Show
View Real Time Build Order
Export as new Build Order

Kelazhur Terran 

Build Orders: Reaper Expand, Hellion Banshee 

Get SALT Encoding   

  12  0:00  SCV  
  13  0:12  SCV  
  14  0:17  Supply Depot  
  14  0:24  SCV  
  15  0:39  SCV  
  15  0:40  Barracks  
  16  0:45  Refinery  
  16  0:51  SCV  
  17  1:03  SCV  
  18  1:15  SCV  
  19  1:27  Reaper, Orbital Command  
  20  1:42  Command Center  
  20  1:51  Supply Depot  
  20  1:53  SCV  
  21  2:00  Marine  
  22  2:05  SCV  
  23  2:17  SCV  
  23  2:19  Barracks Reactor  
  23  2:22  Factory  
  24  2:29  SCV  
  25  2:40  Refinery  
  25  2:41  SCV  
  26  2:53  SCV  
  26  2:56  Orbital Command  
  27  3:05  SCV  
  27  3:08  Starport  
  28  3:13  Hellion x2  
  28  3:18  SCV  
  33  3:20  Barracks Tech Lab  
  33  3:23  Supply Depot  
  33  3:24  SCV  
  34  3:30  SCV  
  35  3:34  Hellion  
  35  3:35  Hellion  
  35  3:36  SCV  
  40  3:42  SCV  
  41  3:48  SCV  
  41  3:54  SCV  
  41  3:55  Banshee  
  46  3:56  Hyperflight Rotors  
  46  4:01  SCV  
  47  4:05  Command Center  
  47  4:07  SCV  
  47  4:14  SCV  
  47  4:15  Supply Depot  
  48  4:20  Hellion x2  
  48  4:21  SCV  
  53  4:26  SCV  
  54  4:37  SCV  
  54  4:38  Banshee, SCV  
  59  4:40  Supply Depot  
  59  4:44  Refinery  
  59  4:45  Refinery  
  59  4:49  SCV  
  59  4:50  SCV  
  61  4:58  Hellion  
  61  4:59  Factory x2  
  61  5:01  SCV  
  61  5:02  Hellion  
  61  5:03  SCV  
  61  5:04  Supply Depot  
  65  5:09  Supply Depot  
  65  5:13  SCV  
  66  5:15  SCV  
  66  5:16  Orbital Command  
  69  5:21  Hellion, Supply Depot  
  69  5:25  SCV  
  69  5:27  Banshee, SCV  
  74  5:34  Hellion  
  76  5:37  SCV  
  76  5:39  SCV  
  76  5:41  Orbital Command  
  80  5:43  Hellion  
  80  5:44  Factory Tech Lab x2  
  81  5:50  SCV  
  81  5:52  SCV  
  81  5:54  Refinery  
  82  5:57  Refinery  
  82  6:00  Hellion  
  82  6:02  SCV  
  82  6:04  Hellion, Supply Depot, SCV  
  88  6:08  SCV  
  88  6:11  Armory, Cyclone  
  89  6:12  Cyclone  
  89  6:14  SCV  
  89  6:16  SCV  
  97  6:23  SCV  
  97  6:25  Hellion  
  100  6:28  Factory x2  
  100  6:29  SCV  
  100  6:32  SCV  
  102  6:35  SCV  
  102  6:39  Hellion  
  105  6:41  SCV  
  105  6:44  SCV  
  105  6:45  Cyclone  
  110  6:48  SCV  
  110  6:49  Cyclone  
  110  6:53  SCV  
  115  6:56  Supply Depot, SCV  
  115  6:59  Supply Depot  
  115  7:00  SCV  
  117  7:04  Mag-Field Accelerator  
  117  7:08  Infernal Pre-Igniter  
  117  7:18  Hellion x2  
  117  7:22  Factory Tech Lab, Cyclone x2, Factory Reactor  
  108  7:26  Terran Vehicle And Ship Armor Level 1  
  105  7:32  Banshee  
  108  7:40  Command Center  
  108  7:41  Cyclone  
  108  7:42  Hellion x2  
  115  7:49  SCV x3  
  115  7:50  Supply Depot  
  118  7:54  Cyclone  
  118  7:56  Cyclone  
  124  8:04  Hellion x2  
  128  8:06  SCV  
  128  8:07  Hellion  
  128  8:08  Hellion  
  133  8:13  Cyclone  
  116  8:21  Banshee  
  116  8:22  SCV x2  
  116  8:26  Cyclone  
  120  8:28  Cyclone  
  120  8:32  Hellion x4  
  131  8:36  Factory  
  131  8:39  Factory x2  
  131  8:46  Cyclone  
  134  8:50  Armory  
  134  8:51  Engineering Bay, Supply Depot  
  134  8:53  Hellion, Supply Depot x2  
  136  8:57  SCV x2  
  136  8:58  Engineering Bay  
  138  9:05  SCV  
  139  9:11  SCV  
  139  9:12  Refinery  
  139  9:13  Refinery  
  139  9:15  Cyclone x2  
  139  9:16  Hellion x2  
  150  9:17  SCV  
  150  9:21  Cyclone  
  150  9:22  Factory Tech Lab x2  
  150  9:23  Factory Reactor  
  154  9:25  SCV, Planetary Fortress  
  154  9:30  Terran Vehicle And Ship Armor Level 2  
  155  9:33  Supply Depot  
  155  9:41  Hellion  
  155  9:43  Banshee  
  155  9:44  Cloaking Field  
  160  9:47  Cyclone x2, Terran Vehicle Weapons Level 1  
  160  9:52  SCV x3  
  169  10:04  SCV  
  169  10:06  Cyclone x3  
  179  10:07  Hellion  
  179  10:09  Hellion  
  179  10:10  Hellion x2  
  147  10:23  Cyclone x2  
  147  10:25  Hellion  
  147  10:26  Hellion  
  149  10:37  Hellion x2  
  149  10:38  Cyclone x2  
  149  10:39  Hellion  
  149  10:40  Hellion  
  163  10:46  Banshee  
  163  10:49  Cyclone  
  169  10:50  Hellion x2  
  169  10:54  Command Center  
  169  10:55  Hellion  
  175  11:02  Cyclone  
  178  11:05  Hellion x4  
  186  11:15  Hellion  
  186  11:17  Hi-Sec Auto Tracking  
  188  11:19  Cyclone, Supply Depot  
  188  11:21  Hellion, Cyclone  
  188  11:22  Cyclone  
  188  11:23  Hellion  
  184  11:31  Smart Servos  
  184  11:32  Hellion x2  
  182  11:34  Cyclone  
  185  11:43  Terran Vehicle Weapons Level 2  
  185  11:44  Cyclone  
  182  11:51  Cyclone  
  182  11:53  Cyclone  
  186  11:56  Hellion x4  
  192  12:03  Starport  
  192  12:04  Starport x2, Fusion Core  
  192  12:07  Cyclone x2  
  173  12:09  Hellion  
  173  12:12  Hellion  
  172  12:16  Cyclone  
  172  12:17  Hellion x2  
  181  12:23  Hellion, Cyclone  
  181  12:29  Terran Vehicle And Ship Armor Level 3, Hellion x2  
  186  12:31  Planetary Fortress  
  186  12:35  Refinery  
  180  12:40  Cyclone x2  
  180  12:43  Hellion  
  180  12:44  Hellion  
  186  12:52  Cyclone x2  
  186  12:53  Hellion  
  192  13:00  Starport Reactor  
  192  13:04  Advanced Ballistics  
  195  13:10  Liberator  
  195  13:12  Refinery  
  180  13:28  Hellion x4  
  180  13:29  Hellion x2  
  156  13:35  Cyclone  
  156  13:36  Cyclone x4  
  171  13:41  Starport Reactor  
  171  13:44  Starport Reactor  
  171  13:50  Hellion, SCV x2  
  171  13:51  SCV, Liberator x2  
  176  13:59  Terran Ship Weapons Level 1  
  176  14:02  Liberator, SCV  
  177  14:03  Liberator, SCV x2  
  177  14:07  Cyclone  
  177  14:08  Cyclone x2  
  189  14:12  Command Center  
  189  14:14  SCV  
  196  14:31  Command Center  
  196  14:42  Liberator x2  
  196  14:47  Cyclone  
  196  14:50  Liberator x2  
  192  14:57  Cyclone x3  
  192  14:58  Cyclone  
  192  14:59  Hellion x3  
  181  15:01  Hellion  
  181  15:06  Terran Vehicle Weapons Level 3  
  178  15:10  Hellion  
  178  15:11  Hellion  
  188  15:19  Cyclone  
  188  15:20  Hellion x2  
  195  15:25  Planetary Fortress  
  195  15:28  Hellion  
  197  15:29  Cyclone  
  197  15:34  Liberator  
  200  15:36  Liberator  
  200  15:40  Cyclone x2  
  169  15:42  Hellion  
  169  15:43  Hellion x4, Refinery  
  169  15:45  Liberator  
  169  15:46  Refinery  
  169  15:47  Cyclone  
  167  15:50  Hellion  
  167  15:51  Cyclone  
  167  15:53  Liberator  
  167  15:57  Terran Ship Weapons Level 2  
  178  16:01  Cyclone  
  186  16:04  Hellion  
  180  16:12  Cyclone x2  
  184  16:19  Liberator  
  174  16:27  Cyclone  
  174  16:28  Cyclone  
  174  16:29  Hellion, Liberator x2  
  174  16:30  Hellion  
  180  16:33  Cyclone  
  180  16:42  Liberator  
  180  16:44  Cyclone x2  
  184  16:59  Command Center  
  184  17:00  Cyclone  
  190  17:05  Cyclone x2  
  170  17:21  Cyclone x2  
  170  17:22  Hellion x4  
  179  17:23  Hellion  
  179  17:24  Hellion  
  181  17:32  Cyclone  
  178  17:59  Hellion x4  
  178  18:01  Cyclone x2  
  192  18:10  Cyclone x2, Hellion  
  185  18:43  Cyclone x3  
  185  18:44  Cyclone  
  185  18:46  Cyclone  
  185  18:47  Hellion  
  185  18:48  Hellion x2  
  200  18:54  Terran Ship Weapons Level 3  
  200  18:59  Planetary Fortress  
  200  19:21  Refinery  
  200  19:22  Refinery  
  200  19:32  Liberator x3  
  200  19:33  Liberator x2  
  168  19:47  Thor x5  
  168  19:49  Hellion x6  
  200  19:58  Liberator x2  
  188  20:18  Hellion x3  
  197  20:30  Thor  
  200  20:38  Thor  
  197  20:49  Sensor Tower  
  197  20:54  Starport x2, Weapon Refit  
  197  20:55  Starport  
  197  21:04  Sensor Tower, Thor  
  198  21:24  Thor x3  
  200  21:35  Sensor Tower  
  200  21:36  Missile Turret  
  200  21:38  Missile Turret x3  
  200  21:39  Missile Turret  
  200  21:40  Missile Turret  
  200  21:42  Missile Turret  
  196  21:53  Missile Turret  
  194  22:10  Missile Turret  
  194  22:12  Missile Turret, Factory Reactor  
  194  22:13  Neosteel Armor  
  194  22:14  Factory Reactor  
  194  22:15  Starport Tech Lab  
  194  22:19  Thor  
  197  22:24  Hellion  
  199  22:32  Command Center  
  199  22:40  Starport Tech Lab x2  
  196  22:52  Hellion  
  196  22:53  Hellion  
  200  23:03  Thor  
  200  23:04  Liberator x4  
  200  23:05  Liberator, Thor  
  196  23:06  Hellion  
  196  23:07  Hellion x3  
  196  23:08  Cyclone x2  
  196  23:11  Thor  
  174  23:13  Liberator  
  174  23:17  Hellion x2  
  165  23:28  Hellion x3  
  165  23:29  Orbital Command  
  165  23:33  Hellion  
  143  23:38  Hellion x2  
  143  23:40  Thor x2  
  133  23:44  Orbital Command  
  133  23:46  Thor  
  138  23:49  Hellion x3  
  138  23:52  Hellion  
  146  23:58  Cyclone, Hellion  
  146  24:00  Hellion x2  
  146  24:01  Starport Tech Lab  
  155  24:10  Starport Tech Lab  
  150  24:36  Command Center  
  150  24:37  Hellion  
  150  24:38  Hellion x6  
  164  24:39  Cyclone  
  164  24:40  Cyclone x3  
  173  25:07  Cyclone  
  173  25:10  Refinery  
  173  25:11  Cyclone, Command Center  
  159  25:17  Viking  
  159  25:20  Viking x2  
  114  25:28  Viking  
  114  25:30  Hellion x4  
  120  25:44  Hellion  
  108  25:58  Viking  
  108  26:21  Viking  
  101  26:41  Viking  
Show
View Real Time Build Order
Export as new Build Order

SortOf Zerg - Winner!

Build Orders: Hatch First 

Get SALT Encoding   

  12  0:00  Drone  
  13  0:13  Overlord  
  13  0:17  Drone  
  14  0:31  Drone x2  
  16  0:49  Hatchery  
  15  0:52  Drone  
  15  0:56  Drone  
  17  0:59  Drone  
  18  1:10  Extractor  
  17  1:15  Spawning Pool  
  16  1:18  Drone  
  16  1:21  Drone  
  18  1:30  Drone  
  19  1:42  Drone  
  20  1:52  Drone  
  21  2:01  Queen  
  21  2:02  Queen  
  21  2:03  Zergling x4  
  27  2:19  Overlord  
  27  2:25  Hatchery  
  27  2:27  Drone  
  27  2:29  Drone  
  28  2:35  Metabolic Boost  
  28  2:39  Drone  
  28  2:42  Drone  
  30  2:47  Drone x2  
  32  2:53  Queen  
  34  2:59  Overlord  
  34  3:04  Drone  
  34  3:05  Drone  
  36  3:16  Overlord, Queen  
  36  3:18  Drone  
  39  3:21  Drone  
  39  3:22  Drone  
  39  3:25  Drone x2  
  43  3:30  Drone  
  44  3:36  Drone  
  44  3:38  Queen  
  44  3:39  Drone x2  
  49  3:48  Drone x2  
  49  3:49  Overlord, Drone  
  49  3:53  Zergling x4  
  54  4:02  Drone x4  
  58  4:03  Overlord  
  58  4:09  Drone x3  
  61  4:11  Queen  
  63  4:17  Queen  
  63  4:23  Zergling x6  
  68  4:29  Drone x2  
  70  4:32  Overlord  
  70  4:33  Lair  
  70  4:35  Spore Crawler  
  70  4:36  Spore Crawler  
  70  4:37  Spore Crawler  
  67  4:38  Drone  
  67  4:39  Drone  
  69  4:50  Baneling Nest  
  69  4:51  Drone x4, Extractor  
  69  4:52  Drone x2  
  72  4:57  Drone x2  
  74  5:03  Overlord  
  74  5:05  Extractor  
  73  5:10  Evolution Chamber  
  73  5:11  Evolution Chamber, Drone  
  73  5:12  Drone x3  
  74  5:16  Overlord  
  74  5:23  Drone x5  
  74  5:24  Drone x3  
  82  5:32  Overseer  
  82  5:37  Drone x6  
  82  5:38  Drone x2  
  82  5:41  Zerg Melee Weapons Level 1, Zerg Ground Armor Level 1, Extractor  
  82  5:42  Extractor  
  88  5:50  Hydralisk Den  
  88  5:51  Zergling x4  
  88  5:52  Zergling x2  
  90  6:03  Overlord x2, Extractor  
  89  6:09  Overlord  
  89  6:10  Centrifical Hooks  
  89  6:16  Drone  
  89  6:17  Overlord  
  88  6:21  Zergling x24  
  88  6:22  Baneling x2  
  88  6:23  Baneling x3  
  99  6:27  Drone  
  100  6:39  Hatchery  
  97  6:45  Muscular Augments, Hydralisk x4  
  103  6:48  Overseer  
  103  6:56  Drone  
  103  6:57  Hydralisk x2  
  103  7:01  Overlord  
  107  7:07  Extractor  
  105  7:09  Drone x3  
  105  7:10  Spore Crawler  
  101  7:22  Drone  
  101  7:23  Drone  
  101  7:28  Baneling x3  
  101  7:29  Baneling  
  102  7:31  Drone x3  
  102  7:33  Hydralisk x3  
  102  7:34  Infestation Pit, Hatchery  
  102  7:35  Zerg Missile Weapons Level 1  
  102  7:36  Zergling x6  
  112  7:38  Hatchery  
  111  7:48  Queen  
  111  7:50  Zerg Melee Weapons Level 2  
  113  7:52  Hydralisk x3  
  113  7:58  Overlord  
  119  8:01  Hydralisk  
  119  8:02  Hydralisk x3  
  119  8:22  Hydralisk x6  
  128  8:32  Hive  
  128  8:33  Pathogen Glands  
  126  8:34  Drone x4  
  126  8:35  Overlord x2  
  129  8:46  Overlord  
  129  8:50  Drone x9  
  138  8:56  Spire, Baneling x5  
  138  8:59  Extractor  
  138  9:00  Zergling x4  
  138  9:02  Zergling x8  
  142  9:03  Zergling x2  
  142  9:08  Extractor  
  142  9:12  Pneumatized Carapace  
  142  9:15  Infestor  
  143  9:17  Infestor  
  143  9:18  Drone x3  
  143  9:19  Drone x3  
  143  9:23  Spore Crawler  
  147  9:26  Infestor  
  147  9:28  Drone  
  147  9:29  Drone x3  
  147  9:31  Spore Crawler  
  152  9:36  Extractor  
  152  9:37  Drone x2, Extractor  
  152  9:40  Zergling x2, Baneling x2  
  152  9:41  Zergling x12  
  159  9:46  Zergling x12  
  159  9:50  Overlord  
  165  9:58  Overlord  
  153  10:19  Overseer  
  144  10:21  Hydralisk x13  
  144  10:25  Greater Spire  
  144  10:26  Drone  
  144  10:27  Drone x3  
  144  10:28  Overlord  
  173  10:40  Overlord  
  173  10:41  Spine Crawler  
  173  10:42  Spine Crawler  
  171  10:43  Zerg Missile Weapons Level 2  
  171  10:48  Corruptor x4  
  179  10:50  Corruptor  
  181  11:00  Overseer  
  181  11:04  Zergling x2  
  182  11:05  Spine Crawler  
  182  11:09  Spine Crawler  
  182  11:10  Corruptor x3  
  186  11:12  Overseer  
  186  11:13  Drone x2  
  186  11:14  Drone  
  182  11:30  Overlord x3  
  178  11:35  Overlord  
  178  11:39  Overlord  
  173  11:44  Overlord, Drone  
  173  11:50  Brood Lord x3  
  173  11:51  Brood Lord x4  
  180  12:04  Brood Lord  
  180  12:07  Drone x11  
  186  12:14  Baneling x2  
  186  12:15  Overseer  
  186  12:23  Viper x2  
  186  12:25  Zerg Flyer Weapons Level 1  
  192  12:31  Zergling x6  
  188  12:40  Zergling x2  
  188  12:41  Zergling x26  
  188  12:43  Neural Parasite  
  191  12:48  Zergling x6  
  191  12:49  Zergling x2  
  187  12:52  Overlord  
  187  12:59  Hatchery  
  187  13:01  Baneling x2  
  186  13:08  Baneling x13  
  186  13:11  Infestor x2  
  175  13:38  Hatchery  
  174  13:44  Infestor x5  
  184  14:05  Infestor x3, Hatchery  
  183  14:18  Zergling x16  
  192  14:24  Drone x3  
  192  14:25  Drone  
  192  14:26  Drone, Extractor  
  192  14:27  Spore Crawler  
  192  14:28  Extractor  
  192  14:29  Spore Crawler  
  186  14:48  Baneling x2  
  186  14:53  Spore Crawler  
  177  15:03  Corruptor  
  177  15:04  Corruptor x6  
  191  15:12  Infestor x3  
  197  15:17  Zerg Flyer Weapons Level 2  
  197  15:22  Drone x2  
  199  15:28  Spore Crawler x2  
  192  15:41  Zergling x34  
  186  15:49  Drone x6  
  191  15:50  Drone  
  189  16:04  Zerg Melee Weapons Level 3, Zerg Missile Weapons Level 3  
  157  16:14  Brood Lord x3  
  162  16:21  Hydralisk x3  
  164  16:45  Brood Lord  
  164  16:46  Brood Lord x3, Hydralisk x2  
  172  16:55  Hydralisk x2  
  176  17:03  Corruptor x2  
  172  17:23  Hydralisk x5  
  178  17:47  Zergling x2  
  178  17:48  Zergling x10  
  178  17:50  Hatchery  
  183  18:05  Zergling x20  
  193  18:08  Hatchery, Brood Lord  
  193  18:11  Baneling x2  
  194  18:19  Hydralisk x4  
  191  18:21  Queen  
  198  18:32  Hatchery  
  183  18:46  Corruptor x4  
  183  18:47  Corruptor x2  
  190  18:50  Queen  
  189  19:02  Queen  
  191  19:11  Zergling x18, Hatchery  
  199  19:18  Baneling x5  
  199  19:24  Overseer, Zerg Ground Armor Level 2  
  199  19:25  Zerg Flyer Weapons Level 3  
  192  19:49  Zergling x22  
  200  19:59  Hatchery  
  192  20:05  Drone x7  
  192  20:10  Overlord  
  192  20:19  Drone x3  
  192  20:20  Drone x5  
  199  20:35  Hatchery  
  192  20:54  Infestor x3  
  191  21:11  Adrenal Glands  
  180  21:26  Spore Crawler x2  
  180  21:29  Spore Crawler x2  
  176  21:38  Brood Lord x2  
  180  21:40  Zergling x22  
  191  21:47  Drone x4  
  194  22:00  Drone x6  
  200  22:07  Extractor x2  
  196  22:26  Drone x3  
  199  22:36  Zerg Flyer Armor Level 1  
  181  23:11  Infestor x3  
  174  23:22  Hydralisk  
  171  23:36  Corruptor  
  171  23:38  Drone x3  
  165  23:42  Spore Crawler x3  
  165  23:43  Zergling x42  
  181  23:53  Spore Crawler x2, Drone x3  
  181  23:54  Spore Crawler, Extractor  
  180  23:58  Brood Lord  
  182  24:04  Drone  
  182  24:06  Drone x3  
  186  24:11  Spore Crawler  
  186  24:12  Spore Crawler x2  
  186  24:13  Corruptor x3  
  186  24:16  Zergling x18  
  185  24:32  Hydralisk x3  
  185  24:33  Zergling x14  
  185  24:36  Baneling  
  185  24:37  Baneling x4  
  194  25:01  Overseer x2  
  172  25:30  Corruptor x8  
  188  25:39  Zergling x24  
  200  25:45  Hatchery  
  200  25:48  Hydralisk  
  181  26:10  Hydralisk x7  
  189  26:12  Zergling x2  
  189  26:13  Zergling x12, Hatchery  
  172  26:41  Overlord  
  172  26:42  Overlord  
  172  26:46  Baneling x6  
  172  26:47  Baneling x4, Hydralisk x3  
  172  26:57  Overlord  
  172  27:12  Drone x10  
  182  27:21  Hydralisk Den  
  182  27:22  Infestation Pit  
  180  27:24  Spawning Pool  
  180  27:29  Extractor x2  
Tags
 
Add a new tag
Caveats
  • Supply blocks, unpowered buildings, or Contaminate may cause inaccurate times.
  • Supply counts are checked every 10 seconds.